 Dungeon Crawl Stone Soup version 0.27.1-3-gb3d3a73c9e (webtiles) character file.

Game seed: 11546556066377587223

95 styxcanada the Covered (level 4, 0/41 HPs)
             Began as a Minotaur Fighter on Oct 15, 2021.
             Succumbed to Crazy Yiuf's poison
             ... on level 2 of the Dungeon.
             The game lasted 00:05:36 (1615 turns).

styxcanada the Covered (Minotaur Fighter)           Turns: 1615, Time: 00:05:36

Health: 0/41       AC:  7    Str: 22    XL:     4   Next: 39%
Magic:  3/3        EV:  7    Int:  5    God:
Gold:   79         SH:  9    Dex:  9    Spells: 3/3 levels left

rFire    . . .     SeeInvis .   a - +0 war axe
rCold    . . .     Faith    .   c - +0 kite shield
rNeg     . . .     Spirit   .   b - +0 scale mail
rPois    .         Reflect  .   (helmet restricted)
rElec    .         Harm     .   (no cloak)
rCorr    .         Rampage  .   (no gloves)
Will     .....                  (no boots)
Stlth    ..........             h - amulet of the acrobat
HPRegen  0.13/turn              (no ring)
MPRegen  0.08/turn              (no ring)

@: mighty, lethally poisoned (0 -> -6), slowed, very slow
A: horns 2, retaliatory headbutt
a: no special abilities


You were on level 2 of the Dungeon.
You visited 1 branch of the dungeon, and saw 2 of its levels.

You collected 79 gold pieces.

Inventory:

Hand Weapons
 a - a +0 war axe (weapon)
Missiles
 e - 8 javelins (quivered)
 f - 62 sling bullets
 k - 34 stones
Armour
 b - a +0 scale mail (worn)
 c - a +0 kite shield (worn)
Jewellery
 h - an amulet of the acrobat (around neck)
Scrolls
 j - a scroll of teleportation {unknown}
Potions
 g - a potion of mutation {unknown}
 i - a potion of curing {unknown}


   Skills:
 * Level 4.5 Fighting
 + Level 3.2 Axes
 + Level 0.1 Throwing
 * Level 4.5 Armour
 + Level 0.5 Dodging
 + Level 4.3 Shields


You had 3 spell levels left.
You didn't know any spells.
Your spell library was empty.

Dungeon Overview and Level Annotations

Branches:
Dungeon (2/15)

Altars:

Shops:
D:2 :


Innate Abilities, Weirdness & Mutations

You have a pair of horns on your head.
You reflexively headbutt those who attack you in melee.


Message History

The fungus is lightly damaged.
You slash the fungus! You headbutt the fungus.
The fungus is lightly damaged.
You slash the fungus! You headbutt the fungus!
The fungus is moderately damaged.
A nearby fungus withers and dies.
You slash the fungus!
The fungus begins to die.
You headbutt the fungus!
The fungus is lightly damaged.
You hit the fungus. You headbutt the fungus!
The fungus is lightly damaged.
You completely miss the fungus. You headbutt the fungus!
The fungus is lightly damaged.
You slash the fungus! You headbutt the fungus!
The fungus is moderately damaged.
A nearby fungus withers and dies.
Found a mace.
Found a runed translucent door.
Crazy Yiuf shouts!
You feel very mighty all of a sudden.
Crazy Yiuf says, "Rifle horse return to song!"
As you open the door, it creaks loudly!
You slash Crazy Yiuf! You headbutt Crazy Yiuf.
Crazy Yiuf is severely wounded.
Crazy Yiuf hits you with a +3 quarterstaff of chaos!
You are electrocuted!
Crazy Yiuf hits you with a +3 quarterstaff of chaos!
* * * LOW HITPOINT WARNING * * *
You hit Crazy Yiuf.
Crazy Yiuf is almost dead.
Crazy Yiuf hits you with a +3 quarterstaff of chaos.
* * * LOW HITPOINT WARNING * * *
You are lethally poisoned!
You closely miss Crazy Yiuf.
Crazy Yiuf is almost dead.
* * * LOW HITPOINT WARNING * * *
You feel very sick. Crazy Yiuf hits you but does no damage.
You feel yourself slow down. Crazy Yiuf barely misses you.
You slash Crazy Yiuf!
You kill Crazy Yiuf!
You die...

≈≈≈≈♣#.# #.#
##.## ≈♣♣♣##.#
#.# #..#
♣♣#.##.### #.#
##.# #.##...# ###
#.# #......# #.#
####...#
#######.##
######...# ###
###.#.P.#..#
.........#
#...##..#.PP....#
#######..#
#...)@####.#....#
#..# #)..###
##..#.## #÷.# ###
###### #..# #..#
## #..# .# #..#
.### ##..#
...###...#


There were no monsters in sight!

Vanquished Creatures
  An orc priest (D:2)
  Crazy Yiuf (D:2)
  An adder (D:2)
  An adder skeleton (D:2)
  A worm (D:2)
  A dart slug (D:2)
  3 orcs (D:2)
  4 ball pythons
  2 bats
  3 endoplasms
  3 giant cockroaches
  4 goblins (D:2)
  2 hobgoblins
  5 jackals (D:1)
  4 kobolds
  2 quokkas
  A frilled lizard (D:2)
  6 rats (D:2)
45 creatures vanquished.

Vanquished Creatures (others)
  2 fungi (D:2)
  20 plants (D:2)
22 creatures vanquished.

Grand Total: 67 creatures vanquished

Notes
Turn   | Place    | Note
-------+----------+-------------------------------------------
     0 | D:1      | styxcanada the Minotaur Fighter began the quest for the
                  | Orb.
     0 | D:1      | Reached XP level 1. HP: 19/19 MP: 0/0
   187 | D:1      | Found a faded altar of an unknown god.
   207 | D:1      | Reached XP level 2. HP: 20/27 MP: 1/1
   718 | D:2      | Reached XP level 3. HP: 31/33 MP: 2/2
   804 | D:2      | Reached XP level 4. HP: 33/40 MP: 3/3
   827 | D:2      | Found Zesykuim's Book Boutique.
  1606 | D:2      | Found a runed translucent door.
  1607 | D:2      | Noticed Crazy Yiuf
  1615 | D:2      | Killed Crazy Yiuf
  1615 | D:2      | Succumbed to Crazy Yiuf's poison

Illustrated notes

Levels and vault maps discovered:
D:1:      kennysheep_arrival_forest, layout_basic,
          hellmonk_ecumenical_altar_dog_temple
D:2:      layout_loops_ring, serial_shops, nicolae_shop_statue_plus,
          serial_bayou, serial_bayou_pond_b, serial_bayou_crossing,
          serial_bayou_ford_a, serial_bayou_shore_b, uniq_crazy_yiuf_cottage

Skill      XL: |  1  2  3 |
---------------+----------+-----
Shields        | 4 |  4.3
Armour         | 4 |  4.5
Fighting       | 4 |  4.5
Axes           | 3 |  3.2
Throwing       | |  0.1
Dodging        | |  0.5

Action                   |  1- 3 |  4- 6 || total
-------------------------+-------+-------++-------
Melee: War axe           |    68 |    52 ||   120
       Headbutt          |     7 |    14 ||    21
Throw: Javelin           |     4 |     3 ||     7
  Use: Potion            |       |     1 ||     1
Armor: Scale mail        |    32 |    21 ||    53
Dodge: Dodged            |    24 |     8 ||    32
Block: Kite shield       |    41 |    23 ||    64
